Map: Persephone LE

Players

ShoWTimE

  • Race: Protoss Protoss
  • League: Grandmaster
  • Spawn Location: 11:00

Zoun - Winner!

  • Race: Protoss Protoss
  • League: Master
  • Spawn Location: 7:00

Event: HomeStory Cup XXVII

VOD

Have the link to the VOD?

Description

Time

  • Played on: June 29, 2025, 4:42 p.m.
  • Length: 5:05

All games in this series

Show
View Real Time Build Order
Export as new Build Order

ShoWTimE Protoss 

Build Orders: Oracle Opening 

Get SALT Encoding   

  12  0:00  Probe  
  13  0:12  Probe  
  14  0:16  Pylon  
  14  0:23  Probe  
  15  0:31  Probe  
  16  0:36  Gateway  
  16  0:39  Probe  
  16  0:45  Assimilator  
  17  0:50  Probe  
  17  0:55  Assimilator  
  18  0:59  Probe  
  18  1:03  Pylon  
  19  1:07  Probe  
  19  1:17  Probe  
  20  1:23  Cybernetics Core  
  21  1:29  Probe  
  21  1:30  Zealot  
  24  1:41  Probe  
  25  1:53  Probe  
  26  1:59  Stargate  
  26  2:04  Warp Gate  
  28  2:15  Nexus  
  26  2:20  Stalker  
  26  2:29  Pylon  
  28  2:34  Oracle  
  28  2:36  Shield Battery  
  28  2:48  Probe  
  32  2:52  Stalker  
  34  3:09  Probe  
  34  3:14  Void Ray  
  38  3:24  Shield Battery  
  38  3:26  Probe  
  39  3:27  Probe  
  40  3:38  Probe  
  41  3:42  Probe  
  42  3:50  Probe  
  42  3:53  Shield Battery, Sentry  
  45  4:09  Gateway  
  47  4:10  Void Ray  
  47  4:18  Shield Battery  
  47  4:19  Stalker  
  49  4:28  Shield Battery  
Show
View Real Time Build Order
Export as new Build Order

Zoun Protoss - Winner!

Build Orders:  

Get SALT Encoding   

  12  0:00  Probe  
  13  0:12  Probe  
  14  0:16  Pylon  
  14  0:23  Probe  
  15  0:31  Probe  
  15  0:36  Gateway  
  15  0:39  Probe  
  16  0:45  Assimilator  
  17  0:50  Probe  
  17  0:54  Assimilator  
  18  1:01  Probe  
  19  1:07  Gateway  
  19  1:09  Probe  
  19  1:17  Probe  
  20  1:24  Cybernetics Core  
  21  1:29  Probe  
  22  1:34  Pylon  
  22  1:41  Probe  
  23  1:52  Warp Gate  
  23  1:53  Probe  
  24  1:57  Stalker x2  
  28  2:07  Probe  
  29  2:15  Pylon  
  29  2:24  Stalker  
  31  2:30  Stalker  
  31  2:36  Pylon  
  33  2:54  Gateway  
  33  3:02  Shield Battery  
  33  3:04  Gateway  
  35  3:13  Sentry x2  
  36  3:46  Stalker x2  
  40  3:48  Stalker  
  42  4:05  Stalker  
  42  4:06  Pylon  
  42  4:11  Stalker x2  
  46  4:24  Stalker  
  48  4:37  Stalker x3  
Tags
 
Add a new tag
Caveats
  • Supply blocks, unpowered buildings, or Contaminate may cause inaccurate times.
  • Supply counts are checked every 10 seconds.